 Dungeon Crawl Stone Soup version 0.29-a0-716-gf28ee254f9 (webtiles) character file.

Game seed: 4216022852428587285

240148 CrazyBamboolord the Cutthroat (level 20, -7/122 HPs)
             Began as a Kobold Fighter on June 25, 2022.
             Was a Believer of Uskayaw.
             Mangled by a deep troll (11 damage)
             ... on level 2 of the Depths on June 26, 2022.
             The game lasted 01:45:45 (48232 turns).

CrazyBamboolord the Cutthroat (Kobold Fighter)     Turns: 48232, Time: 01:45:45

Health: -7/122     AC: 30    Str: 24    XL:     20   Next: 57%
Magic:  28/28      EV: 21    Int:  8    God:    Uskayaw [**....]
Gold:   2565       SH: 19    Dex: 27    Spells: 19/19 levels left

rFire   + . .      SeeInvis +   M - +6 rapier of Ambiguity {protect, rElec rN+ Str+4}
rCold   + . .      Faith    +   c - +3 kite shield {rF+}
rNeg    + + +      Spirit   .   s - +8 chain mail "Waxobrof" {Str+5}
rPois   .          Reflect  .   D - +2 helmet {SInv}
rElec   +          Harm     .   q - scarf {shadows}
rCorr   +          Rampage  .   n - +1 pair of gloves
Will    +++..                   e - +0 pair of boots
Stlth   +++++.....              A - amulet of faith
HPRegen 0.30/turn               g - ring "Rilid" {Will+ rCorr Dex+6}
MPRegen 0.21/turn               T - ring "Rubao" {Ice rN++ rCorr Int-2 Stlth+}

@: under a protective aura, studying 2 skills
A: small, no large weapons, nightstalker 3, deformed body, fire resistance 1,
frail 1, strong-willed 1, mutation resistance 1, MP-powered wands
}: 1/15 runes: serpentine
a: Renounce Religion, Stomp, Line Pass


You were on level 2 of the Depths.
You worshipped Uskayaw.
Uskayaw was aware of your devotion.
You visited 8 branches of the dungeon, and saw 33 of its levels.
You also visited: Bailey, Gauntlet and Ice Cave.

You collected 3637 gold pieces.
You spent 1072 gold pieces at shops.

Inventory:

Hand Weapons
 p - the +4 short sword "Vutzy" {venom, rElec rF+ Will++ Dex+3}
   (You found it in an ice cave)

   It poisons the flesh of those it strikes.
   Dex:       It affects your dexterity (+3).
   rF:        It protects you from fire.
   rElec:     It insulates you from electricity.
   Will:      It greatly increases your willpower.
 M - the +6 rapier of Ambiguity (weapon) {protect, rElec rN+ Str+4}
   (You found it on level 12 of the Dungeon)

   It grants its wielder temporary protection when it strikes (+7 to AC).
   Str:       It affects your strength (+4).
   rElec:     It insulates you from electricity.
   rN:        It protects you from negative energy.
Missiles
 U - a throwing net
Armour
 a - the +2 pair of boots of Wu Jian's Castigation {Harm Rampage +Inv MP-9}
   (You bought it in a shop on level 1 of the Orcish Mines)

   MP:        It affects your magic capacity (-9).
   +Inv:      It lets you turn invisible.
   Harm:      It increases damage dealt and taken.
   Rampage:   It bestows one free step when moving towards enemies.
 c - a +3 kite shield of fire resistance (worn)
 e - a +0 pair of boots (worn)
 k - a +1 chain mail of poison resistance
 n - a +1 pair of gloves (worn)
 q - a scarf of shadows (worn)
 s - the +8 chain mail "Waxobrof" (worn) {Str+5}
   (You found it on level 1 of the Depths)

   Str:       It affects your strength (+5).
 z - the +6 chain mail "Hajoic" {+Inv rElec rC- rN+++}
   (You found it on level 2 of the Depths)

   rC:        It makes you vulnerable to cold.
   rElec:     It insulates you from electricity.
   rN:        It renders you almost immune to negative energy.
   +Inv:      It lets you turn invisible.
 D - a +2 helmet of see invisible (worn)
 P - the +6 leather armour of Valiance {Will+ Dex+3}
   (You took it off an orc wizard on level 11 of the Dungeon)

   Dex:       It affects your dexterity (+3).
   Will:      It increases your willpower.
 Z - a scarf of resistance
Jewellery
 g - the ring "Rilid" (left hand) {Will+ rCorr Dex+6}
   (You acquired it on level 8 of the Dungeon)

   [ring of willpower]

   Dex:       It affects your dexterity (+6).
   rCorr:     It protects you from acid and corrosion.
   Will:      It increases your willpower.
 i - the ring "Jerus" {rF+ rCorr}
   (You acquired it on level 9 of the Dungeon)

   [ring of resist corrosion]

   rF:        It protects you from fire.
   rCorr:     It protects you from acid and corrosion.
 o - a ring of flight
 r - the ring of Xeupt {rC+ MP+9}
   (You found it in a Gauntlet)

   [ring of protection from cold]

   rC:        It protects you from cold.
   MP:        It affects your magic capacity (+9).
 A - an amulet of faith (around neck)
 T - the ring "Rubao" (right hand) {Ice rN++ rCorr Int-2 Stlth+}
   (You took it off a minotaur in a Gauntlet)

   [ring of ice]

   It enhances your ice magic.
   Int:       It affects your intelligence (-2).
   rF:        It makes you vulnerable to fire.
   rC:        It protects you from cold.
   rN:        It greatly protects you from negative energy.
   rCorr:     It protects you from acid and corrosion.
   Stlth:     It makes you more stealthy.
Wands
 w - a wand of polymorph (14)
 C - a wand of charming (37)
 F - a wand of digging (11)
 G - a wand of iceblast (19) (quivered)
Scrolls
 d - 5 scrolls of immolation
 h - a scroll of summoning
 l - 3 scrolls of fear
 m - 2 scrolls of blinking
 v - 6 scrolls of fog
 y - 2 scrolls of magic mapping
 I - 7 scrolls of vulnerability
 O - 9 scrolls of teleportation
 Q - 3 scrolls of torment
 R - 3 scrolls of silence
 S - a scroll of enchant armour
 W - 4 scrolls of poison
Potions
 b - 7 potions of mutation
 f - 6 potions of curing
 j - 4 potions of brilliance
 t - 4 potions of lignification
 x - 6 potions of attraction
 B - 4 potions of cancellation
 E - 2 potions of invisibility
 H - 4 potions of magic
 J - 3 potions of haste
 K - a potion of might
 L - a potion of resistance
 V - 3 potions of heal wounds
 X - 5 potions of ambrosia
 Y - 2 potions of flight


   Skills:
 * Level 18.3 Fighting
 * Level 22.2 Short Blades
 * Level 11.0 Armour
 * Level 13.7 Dodging
 - Level 13.4 Stealth
 + Level 13.0 Shields
 - Level 11.9 Invocations
 - Level 0.1 Evocations


You had 19 spell levels left.
You didn't know any spells.
Your spell library contained the following spells:

 Spells                   Type           Power      Damage    Failure   Level
 Foxfire                  Conj/Fire      0%         2x1d4     99%         1
 Necrotize                Necr           0%         1d4       99%         1
 Sting                    Tmut/Pois      0%         1d3       99%         1
 Blink                    Tloc           0%         N/A       100%        2
 Ensorcelled Hibernation  Hex/Ice        0%         N/A       100%        2
 Passwall                 Tmut/Erth      0%         N/A       100%        2
 Poisonous Vapours        Pois/Air       0%         N/A       100%        2
 Static Discharge         Conj/Air       0%         N/A       100%        2
 Call Canine Familiar     Summ           0%         N/A       100%        3
 Confusing Touch          Hex            0%         N/A       100%        3
 Conjure Flame            Conj/Fire      0%         6-21      100%        3
 Dazzling Flash           Conj/Hex       0%         N/A       100%        3
 Gell's Gravitas          Tloc           0%         N/A       100%        3
 Ignite Poison            Fire/Tmut/Pois 0%         N/A       100%        3
 Inner Flame              Hex/Fire       0%         N/A       100%        3
 Lesser Beckoning         Tloc           0%         N/A       100%        3
 Mephitic Cloud           Conj/Pois/Air  0%         N/A       100%        3
 Portal Projectile        Hex/Tloc       0%         N/A       100%        3
 Stone Arrow              Conj/Erth      0%         3d7       100%        3
 Swiftness                Air            0%         N/A       100%        3
 Teleport Other           Tloc           0%         N/A       100%        3
 Vampiric Draining        Necr           0%         2d6       100%        3
 Animate Armour           Summ/Erth      0%         N/A       100%        4
 Dispel Undead            Necr           0%         3d6       100%        4
 Flame Wave               Conj/Fire      0%         2d4       100%        4
 Leda's Liquefaction      Hex/Erth       0%         N/A       100%        4
 Olgreb's Toxic Radiance  Pois           0%         N/A       100%        4
 Passage of Golubria      Tloc           0%         N/A       100%        4
 Sticky Flame             Conj/Fire      0%         2d3       100%        4
 Summon Lightning Spire   Summ/Air       0%         N/A       100%        4
 Agony                    Necr           0%         N/A       100%        5
 Freezing Cloud           Conj/Ice/Air   0%         6-21      100%        5
 Manifold Assault         Tloc           0%         N/A       100%        5
 Silence                  Hex/Air        0%         N/A       100%        5
 Summon Forest            Summ/Tloc      0%         N/A       100%        5
 Summon Mana Viper        Hex/Summ       0%         N/A       100%        5
 Yara's Violent Unravell  Hex/Tmut       0%         3d3       100%        5
 Eringya's Noxious Bog    Tmut/Pois      0%         N/A       100%        6
 Summon Cactus Giant      Summ           0%         N/A       100%        6
 Enfeeble                 Hex            0%         N/A       100%        7
 Storm Form               Tmut/Air       0%         N/A       100%        7
 Summon Hydra             Summ           0%         N/A       100%        7
 Lehudib's Crystal Spear  Conj/Erth      0%         10d2      100%        8


Dungeon Overview and Level Annotations

Branches:
Dungeon (15/15)            Temple (1/1) D:7            Lair (6/6) D:10
 Shoals (0/4) Lair:3        Snake (4/4) Lair:4        Slime (0/5) Lair:6
    Orc (2/2) D:12            Elf (2/3) Orc:2        Vaults (1/5) D:13
 Depths (2/4) D:15         Bailey (visited)           IceCv (visited)
Gauntlet (visited)

Altars:
Cheibriados
Dithmenos
Elyvilon
Fedhas
Hepliaklqana
Kikubaaqudgha
Makhleb
Nemelex Xobeh
Okawaru
Trog
Uskayaw
Vehumet
Wu Jian
Xom
Yredelemnul
Zin
The Shining One
Jiyva

Shops:
D:4 :   D:7 (   D:13 ([(*   Orc:1 [   Orc:2 *(:[   Elf:2 *

Portals:
Hell: Depths:1
Pandemonium: Depths:1
Trove: D:15 (give 5 scrolls of blinking)

Annotations:
D:14 3 runed translucent doors, Zigma's ghost, journeyman OpTm
Snake:4 1 runed translucent door, Querens's ghost, adept MeFi
Elf:2 3 runed translucent doors


Innate Abilities, Weirdness & Mutations

You are small and have problems with some larger weapons.
You are completely attuned to the shadows.
Armour fits poorly on your strangely shaped body.
Your flesh is heat resistant. (rF+)
You are frail. (-10% HP)
You are strong-willed. (Will+)
You are somewhat resistant to further mutation.
You expend magic power (3 MP) to strengthen your wands.


Message History

The frost giant is almost dead.
You puncture the frost giant!
You kill the frost giant!
You see here a +1 battleaxe of freezing.
A deep troll comes into view.
You see here 3 large rocks.
You start resting.
A deep troll is nearby!
You start resting.
A deep troll is nearby!
You start resting.
A deep troll is nearby!
The deep troll shouts!
You hit the deep troll.
Your weapon exudes an aura of protection.
The deep troll is lightly wounded.
The deep troll bites you!
* * * LOW HITPOINT WARNING * * *
You block the deep troll's attack. x2
You puncture the deep troll!
The deep troll is moderately wounded.
You hit the deep troll.
The deep troll is moderately wounded.
You block the deep troll's attack. x2
The deep troll claws you but does no damage.
You puncture the deep troll!
The deep troll is heavily wounded.
You can now pass through a line of other dancers.
You barely miss the deep troll.
The deep troll is heavily wounded.
The deep troll bites you!
* * * LOW HITPOINT WARNING * * *
You block the deep troll's attack.
The deep troll claws you but does no damage.
You puncture the deep troll!
The deep troll is severely wounded.
The deep troll bites you!
* * * LOW HITPOINT WARNING * * *
You block the deep troll's attack. The deep troll claws you!
You die...

...## +..†# #.......#
....#####'# #...#...#
.#........# #...#...#
#.###....##.###......#
.#..######..#..#.....#
.#..#..)[...#).#..#..#
#)##.))....#.##)##...#
.#....).♣TT(#..#.....#
#^........#...#@....#
.#......T.##..T#....#
..####...#######)..#
#.....C..)....##
#.........†[....
#...........[...
........>......
..............
............


You could see a deep troll.

Vanquished Creatures
  Saint Roka (Orc:2)
  A tentacled monstrosity (Depths:1)
  A walking earthen tome (Depths:1)
  A titan (Depths:2)
  A quicksilver dragon (Depths:1)
  2 sphinxes
  A tengu reaver (Depths:1)
  A deep elf sorcerer (Elf:1)
  8 nagarajas (Snake:4)
  6 fire giants (Depths:1)
  3 orc warlords (Orc:2)
  A frost giant (Depths:2)
  4 spectral caustic shrikes (Depths:1)
  A cacodemon (D:12)
  7 very ugly things (Depths:1)
  A quicksilver ooze (Gauntlet)
  A reaper (IceCv)
  A vampire knight (Depths:1)
  7 stone giants
  The ghost of RichitheSlayer the Severer, a journeyman MiFi of Okawaru (D:12)
  2 deep elf annihilators (Elf:1)
  2 deep elf demonologists (Elf:2)
  A minotaur (Gauntlet)
  2 spark wasps
  6 ettins
  Snorg (D:10)
  Josephine (Lair:6)
  3 fire dragons
  2 ice dragons
  4 vault guards (D:13)
  3 rakshasas
  Erolcha (D:10)
  A salamander tyrant (Snake:4)
  5 boulder beetles
  4 anacondas
  9 hydras
  A spriggan air mage (Depths:2)
  A catoblepas (D:13)
  An ogre mage (D:12)
  4 centaur warriors
  A death knight (D:13)
  14 dancing weapons
  7 two-headed ogres
  13 naga warriors
  2 deep troll shamans (Depths:2)
  5 deep troll earth magi
  7 death yaks
  2 orc high priests
  4 tengu warriors
  A vampire mage (Depths:1)
  4 spriggan berserkers
  4 shock serpents
  A shock serpent (shapeshifter) (D:13)
  2 spriggans (Depths:2)
  3 deep elf knights
  10 naga sharpshooters
  A fire crab (D:14)
  5 salamander mystics
  5 skeletal warriors (D:14)
  A fire crab (shapeshifter) (D:12)
  2 deep trolls (Depths:2)
  3 glowing orange brains
  A flayed ghost (Depths:1)
  A swamp dragon (shapeshifter) (D:14)
  A swamp dragon (Lair:6)
  2 iron trolls (Depths:2)
  8 deep elf archers
  2 wizards (Elf:1)
  A necromancer (Depths:2)
  2 lindwurms
  3 naga ritualists
  8 orc sorcerers
  7 mana vipers
  The ghost of gabibbone the Markself, a novice DEHu of Okawaru (D:7)
  A shining eye (shapeshifter) (Depths:1)
  14 deep elf pyromancers
  20 deep elf zephyrmancers
  A harpy (shapeshifter) (Elf:2)
  4 orc knights
  3 manticores
  7 cyclopes
  20 salamanders
  35 ugly things
  11 elephants
  An ice statue (IceCv)
  2 gargoyles
  A guardian serpent (shapeshifter) (D:12)
  A guardian serpent (Snake:2)
  14 naga magi
  15 black mambas
  15 cane toads
  An orange demon (Depths:2)
  A torpor snail (Lair:5)
  12 komodo dragons
  6 rime drakes
  5 kobold demonologists
  3 unseen horrors
  A freezing wraith (IceCv)
  A rime drake (shapeshifter) (D:14)
  2 efreet
  A spriggan skeleton (Depths:2)
  2 entropy weaver simulacra (IceCv)
  7 tengu conjurers
  11 trolls
  An ice devil (Depths:1)
  A polar bear (shapeshifter) (Depths:1)
  3 polar bears
  A queen bee (D:7)
  A burning bush (Lair:4)
  6 hornets
  A tengu simulacrum (Depths:2)
  Grinder (D:3)
  18 blink frogs
  10 slime creatures
  5 dream sheep (Lair:3)
  A raiju (shapeshifter) (D:12)
  2 large abominations (Gauntlet)
  25 yaks
  6 shadows
  2 water elementals
  9 wraiths
  3 vampires
  A basilisk (shapeshifter) (Elf:1)
  6 wyverns
  A hog (shapeshifter) (D:12)
  8 basilisks
  A chaos spawn (Depths:2)
  2 fire elementals
  5 steam dragons
  2 neqoxecs (D:12)
  38 nagas
  4 wargs
  3 acid dragons
  A human zombie (Depths:2)
  A water moccasin (shapeshifter) (D:12)
  21 water moccasins
  A swamp drake (Lair:6)
  57 orc warriors
  7 black bears
  A sky beast (D:7)
  2 ice beasts (D:7)
  15 wolves
  An ogre (shapeshifter) (D:12)
  A boggart (Elf:1)
  9 ogres
  10 centaurs
  2 phantoms
  5 kobold brigands
  11 bullfrogs
  4 two-headed ogre simulacra (IceCv)
  6 scorpions
  3 cane toad simulacra (IceCv)
  3 earth elementals
  6 small abominations (Gauntlet)
  33 wights
  14 killer bees
  3 elephant simulacra (IceCv)
  11 electric eels
  4 howler monkeys
  A lava snake (Snake:4)
  2 jellies
  2 hounds
  18 orc priests
  Crazy Yiuf (D:3)
  A gnoll shaman (D:8)
  8 iguanas
  Terence (D:2)
  2 polar bear simulacra (IceCv)
  24 orc wizards
  4 spriggan simulacra (IceCv)
  5 troll simulacra (IceCv)
  6 wolf simulacra (IceCv)
  9 gnolls
  7 naga simulacra (IceCv)
  9 adders
  A shadow imp (D:7)
  16 white imps
  7 ufetubi (IceCv)
  3 dart slugs
  78 orcs
  4 bats
  7 endoplasms
  4 giant cockroaches
  12 goblins
  14 hobgoblins
  4 jackals
  9 quokkas
  4 ball pythons
  5 frilled lizards
  29 kobolds
  2 rats
  A spectral hobgoblin (D:4)
1155 creatures vanquished.

Vanquished Creatures (others)
  A komodo dragon (Lair:6)
  A dart slug (D:2)
  An orc (D:9)
  A kobold (D:11)
  43 fungi
  58 plants
105 creatures vanquished.

Grand Total: 1260 creatures vanquished

Notes
Turn   | Place    | Note
-------+----------+-------------------------------------------
     0 | D:1      | CrazyBamboolord the Kobold Fighter began the quest for the
                  | Orb.
     0 | D:1      | Reached XP level 1. HP: 14/14 MP: 1/1
   204 | D:1      | Reached XP level 2. HP: 19/19 MP: 2/2
   222 | D:1      | Found a faded altar of an unknown god.
   559 | D:1      | Reached skill level 3 in Short Blades
  1120 | D:2      | Reached XP level 3. HP: 24/24 MP: 3/3
  1522 | D:2      | Noticed Terence
  1531 | D:2      | Killed Terence
  1532 | D:2      | Reached skill level 1 in Dodging
  1532 | D:2      | Reached XP level 4. HP: 29/29 MP: 4/4
  1534 | D:2      | Reached skill level 4 in Short Blades
  1848 | D:3      | Reached XP level 5. HP: 23/33 MP: 3/5
  2017 | D:3      | Reached skill level 5 in Short Blades
  2104 | D:3      | Noticed Grinder
  2105 | D:3      | Paralysed by Grinder for 5 turns
  2114 | D:3      | Paralysed by Grinder for 4 turns
  2130 | D:3      | Paralysed by Grinder for 3 turns
  2134 | D:3      | Killed Grinder
  2135 | D:3      | Reached skill level 6 in Short Blades
  2135 | D:3      | Reached skill level 1 in Stealth
  2135 | D:3      | Reached XP level 6. HP: 18/39 MP: 0/6
  2350 | D:2      | Reached XP level 7. HP: 33/44 MP: 7/7
  2597 | D:3      | Found a runed translucent door.
  2600 | D:3      | Noticed Crazy Yiuf
  3041 | D:3      | Found a bloodstained altar of Trog.
  3132 | D:3      | Killed Crazy Yiuf
  3341 | D:4      | Reached skill level 7 in Short Blades
  3378 | D:4      | Reached skill level 5 in Fighting
  3462 | D:4      | Noticed a water moccasin
  3475 | D:4      | Killed a water moccasin
  3633 | D:4      | Reached XP level 8. HP: 49/49 MP: 8/8
  3709 | D:4      | Found Dauxior's Book Shop.
  3768 | D:4      | Reached skill level 8 in Short Blades
  3819 | D:4      | Found a hazy altar of Hepliaklqana.
  4286 | D:5      | Entered Level 5 of the Dungeon
  4420 | D:5      | Found a burning altar of Makhleb.
  4422 | D:5      | Found a glowing silver altar of Zin.
  4423 | D:5      | Noticed a blizzard demon
  4720 | D:5      | Reached skill level 9 in Short Blades
  5004 | D:5      | Found an ancient bone altar of Kikubaaqudgha.
  5007 | D:5      | Found a blossoming altar of Fedhas.
  5010 | D:5      | Found a basalt altar of Yredelemnul.
  5014 | D:5      | Found a sparkling altar of Nemelex Xobeh.
  5017 | D:5      | Found a glowing golden altar of the Shining One.
  5107 | D:5      | Reached XP level 9. HP: 46/55 MP: 7/9
  5357 | D:5      | Noticed an angel
  5594 | D:6      | Reached skill level 10 in Short Blades
  5594 | D:6      | Reached skill level 5 in Stealth
  5742 | D:6      | Noticed a troll
  6651 | D:7      | Reached skill level 5 in Dodging
  6672 | D:7      | Reached skill level 11 in Short Blades
  6806 | D:7      | Reached XP level 10. HP: 24/58 MP: 4/10
  7185 | D:7      | Found a transporter.
  7185 | D:7      | Found a transporter.
  7221 | D:7      | Upgraded the game from 0.29-a0-690-g32ab5fea29 to
                  | 0.29-a0-716-gf28ee254f9
  7252 | D:7      | Noticed gabibbone's ghost (novice DEHu)
  7268 | D:7      | Reached skill level 12 in Short Blades
  7323 | D:7      | Found Ustafex's Antique Weapon Shop.
  7657 | D:7      | Found a staircase to the Ecumenical Temple.
  7906 | D:8      | Found a flagged portal.
  7912 | Bailey   | Entered a bailey
  8350 | Bailey   | Noticed a kobold demonologist
  8359 | Bailey   | Noticed a smoke demon
  8363 | Bailey   | Killed a kobold demonologist
  8787 | Bailey   | Found an iron altar of Okawaru.
  8789 | Bailey   | Noticed a kobold demonologist
  8791 | Bailey   | Noticed a soul eater
  9118 | Bailey   | Killed a kobold demonologist
  9132 | Bailey   | Reached skill level 13 in Short Blades
  9333 | Bailey   | Noticed an orc knight
  9354 | Bailey   | Killed an orc knight
  9355 | Bailey   | Reached XP level 11. HP: 68/68 MP: 11/11
 10383 | D:8      | Acquired the ring "Rilid" {Will+ rCorr Dex+6}
 10420 | D:8      | Paralysed by a hornet for 3 turns
 10453 | D:8      | Reached skill level 5 in Shields
 10459 | D:8      | Reached skill level 5 in Armour
 11358 | D:8      | Reached skill level 14 in Short Blades
 11937 | D:9      | You fall into a shaft and drop 1 floor!
 11937 | D:10     | Entered Level 10 of the Dungeon
 11992 | D:10     | Noticed Erolcha
 12322 | D:9      | Noticed a two-headed ogre
 12632 | D:9      | Noticed a two-headed ogre
 12802 | D:9      | Killed a two-headed ogre
 12872 | D:9      | Reached XP level 12. HP: 76/76 MP: 12/12
 12940 | D:9      | Killed a two-headed ogre
 13508 | D:10     | Noticed Snorg
 13512 | D:10     | Killed Snorg
 13513 | D:10     | Reached skill level 15 in Short Blades
 13862 | D:10     | Found a staircase to the Lair.
 13875 | D:10     | Killed Erolcha
 13876 | D:10     | Noticed a two-headed ogre
 14100 | D:10     | Killed a two-headed ogre
 14468 | Temple   | Entered the Ecumenical Temple
 14494 | Temple   | Became a worshipper of Uskayaw the Reveller
 14651 | D:10     | Reached * piety under Uskayaw
 14655 | D:10     | Reached ** piety under Uskayaw
 14970 | D:11     | Reached *** piety under Uskayaw
 14972 | D:11     | Reached **** piety under Uskayaw
 15127 | D:11     | Reached skill level 1 in Invocations
 15184 | D:11     | Reached skill level 10 in Fighting
 15551 | D:11     | Identified the +6 leather armour of Valiance {Will+ Dex+3}
 16164 | Lair:1   | Entered Level 1 of the Lair of Beasts
 16315 | Lair:1   | Reached XP level 13. HP: 83/83 MP: 14/14
 17150 | Lair:2   | Reached ***** piety under Uskayaw
 17763 | Lair:3   | Reached skill level 16 in Short Blades
 17770 | Lair:3   | Reached ****** piety under Uskayaw
 17851 | Lair:3   | Noticed a boulder beetle
 17855 | Lair:3   | Killed a boulder beetle
 18031 | Lair:3   | Found a staircase to the Shoals.
 18047 | Lair:3   | Reached skill level 10 in Dodging
 18047 | Lair:3   | Reached skill level 5 in Invocations
 18054 | Lair:3   | Noticed a six-headed hydra
 18065 | Lair:3   | Killed a six-headed hydra
 18629 | Lair:3   | Reached XP level 14. HP: 91/91 MP: 18/18
 19135 | Lair:4   | Found a staircase to the Snake Pit.
 20140 | Lair:5   | You fall into a shaft and drop 1 floor!
 20140 | Lair:6   | Entered Level 6 of the Lair of Beasts
 20162 | Lair:6   | Found a viscous altar of Jiyva.
 20162 | Lair:6   | Found a staircase to the Slime Pits.
 20279 | Lair:6   | Reached skill level 17 in Short Blades
 21595 | Lair:6   | Noticed Josephine
 21605 | Lair:6   | Killed Josephine
 21809 | Lair:6   | Found a snail-covered altar of Cheibriados.
 21955 | Lair:6   | Reached XP level 15. HP: 87/98 MP: 21/21
 23668 | D:12     | Reached skill level 18 in Short Blades
 24011 | D:12     | Found a staircase to the Orcish Mines.
 24038 | D:12     | Found a runed translucent gate.
 24038 | D:12     | Found a runed translucent gate.
 24040 | D:12     | Found a runed translucent gate.
 24288 | Orc:1    | Entered Level 1 of the Orcish Mines
 24687 | Orc:1    | Found Litu's Armour Shop.
 24720 | Orc:1    | Found a frozen archway.
 24752 | IceCv    | Entered an ice cave
 25193 | IceCv    | Noticed a reaper
 25227 | IceCv    | Killed a reaper
 25566 | IceCv    | Identified the +4 short sword "Vutzy" {venom, rElec rF+
                  | Will++ Dex+3}
 26218 | Orc:2    | Entered Level 2 of the Orcish Mines
 26228 | Orc:2    | Found Husch's Antique Weapon Shop.
 26374 | Orc:2    | Noticed an orc warlord
 26427 | Orc:2    | Killed an orc warlord
 26659 | Orc:2    | Noticed Saint Roka
 27229 | Orc:2    | Found a staircase to the Elven Halls.
 27451 | Orc:2    | Reached skill level 10 in Invocations
 27509 | Orc:2    | Found Lokij's Antique Armour Shoppe.
 27523 | Orc:2    | Found Ivuosu's Book Emporium.
 27566 | Orc:2    | Noticed an orc warlord
 27613 | Orc:2    | Killed an orc warlord
 27688 | Orc:2    | Noticed an orc warlord
 28021 | Orc:2    | Killed an orc warlord
 28022 | Orc:2    | Reached XP level 16. HP: 106/106 MP: 23/23
 28052 | Orc:2    | Killed Saint Roka
 28527 | Orc:2    | Found Fuxem's General Store.
 28532 | Orc:2    | Bought a potion of curing for 39 gold pieces
 28775 | D:12     | Identified the +6 rapier of Ambiguity {protect, rElec rN+
                  | Str+4}
 28843 | Orc:2    | Bought a steaming ring mail for 225 gold pieces
 28843 | Orc:2    | Identified the +3 ring mail "Piel" {Dex+5} (You bought it
                  | in a shop on level 2 of the Orcish Mines)
 28902 | Orc:1    | Bought the +2 pair of boots of Wu Jian's Castigation {Harm
                  | Rampage +Inv MP-9} for 188 gold pieces
 29331 | D:13     | Found a gate to the Vaults.
 29750 | D:13     | Reached skill level 19 in Short Blades
 29822 | D:13     | Found Tied's Weapon Shop.
 29824 | D:13     | Found Covaqede's General Store.
 29826 | D:13     | Found Poleiniy's Antique Weapon Shop.
 29834 | D:13     | Found Erofoxza's Armour Shop.
 29835 | D:13     | Bought a scroll of enchant armour for 105 gold pieces
 29835 | D:13     | Bought a potion of heal wounds for 70 gold pieces
 29857 | D:13     | Bought a +0 helmet of see invisible for 207 gold pieces
 29877 | D:13     | Acquired the ring "Jerus" {rF+ rCorr}
 30555 | Snake:1  | Entered Level 1 of the Snake Pit
 30792 | D:13     | Bought a +1 chain mail of poison resistance for 189 gold
                  | pieces
 31706 | Snake:2  | Reached skill level 15 in Fighting
 32232 | Snake:2  | You fall into a shaft and drop 1 floor!
 33257 | Snake:2  | Reached XP level 17. HP: 83/113 MP: 16/25
 33810 | Snake:4  | Entered Level 4 of the Snake Pit
 34690 | Snake:4  | Reached skill level 20 in Short Blades
 34881 | Snake:4  | Found a runed translucent door.
 34881 | Snake:4  | Found a shimmering altar of Xom.
 34881 | Snake:4  | Noticed Querens's ghost (adept MeFi)
 34882 | Snake:4  | Identified the +3 quarterstaff "Komaomal" {chaos, Drain
                  | Int+8 SInv}
 34998 | Snake:4  | Reached skill level 10 in Shields
 35835 | D:7      | Killed gabibbone's ghost
 36048 | D:12     | Found a runed translucent gate.
 36048 | D:12     | Found a runed translucent gate.
 36048 | D:12     | Found a runed translucent gate.
 36056 | D:12     | Gained mutation: Armour fits poorly on your strangely
                  | shaped body. [a cacodemon]
 36058 | D:12     | Noticed RichitheSlayer's ghost (journeyman MiFi)
 36059 | D:12     | Gained mutation: Your body sometimes deteriorates upon
                  | taking damage. [a cacodemon]
 36090 | D:12     | Killed RichitheSlayer's ghost
 36401 | D:12     | Gained mutation: You are weak. (Str -2) [mutagenic glow]
 36413 | D:12     | Gained mutation: Potions are less effective at restoring
                  | your health. [mutagenic glow]
 36415 | D:12     | Lost mutation: Potions are less effective at restoring your
                  | health. [potion of mutation]
 36415 | D:12     | Lost mutation: You are weak. (Str -2) [potion of mutation]
 36415 | D:12     | Gained mutation: You expend magic power (3 MP) to
                  | strengthen your wands. [potion of mutation]
 36415 | D:12     | Gained mutation: You are covered in fur. (AC +1) [potion of
                  | mutation]
 36415 | D:12     | Gained mutation: Your spells are a little harder to cast,
                  | but a little more powerful. [potion of mutation]
 36416 | D:12     | Lost mutation: Your spells are a little harder to cast, but
                  | a little more powerful. [potion of mutation]
 36416 | D:12     | Lost mutation: You are covered in fur. (AC +1) [potion of
                  | mutation]
 36416 | D:12     | Lost mutation: Your body sometimes deteriorates upon taking
                  | damage. [potion of mutation]
 36416 | D:12     | Gained mutation: Your flesh is heat resistant. (rF+)
                  | [potion of mutation]
 36416 | D:12     | Gained mutation: You are strong-willed. (Will+) [potion of
                  | mutation]
 36416 | D:12     | Gained mutation: You are somewhat resistant to further
                  | mutation. [potion of mutation]
 36430 | D:12     | Gained mutation: You are frail. (-10% HP) [mutagenic glow]
 37617 | Snake:4  | Reached XP level 18. HP: 108/108 MP: 17/26
 38088 | Snake:4  | Got a serpentine rune of Zot
 38410 | D:14     | Found a shadowy altar of Dithmenos.
 38636 | D:14     | Identified the +4 sling "Ocejyc" {flame, Str+4}
 38785 | D:14     | Found a radiant altar of Vehumet.
 39162 | D:14     | Found a runed translucent gate.
 39163 | D:14     | Found a runed translucent gate.
 39164 | D:14     | Found a runed translucent gate.
 39281 | D:14     | Noticed Zigma's ghost (journeyman OpTm)
 39435 | D:15     | Entered Level 15 of the Dungeon
 39440 | D:15     | Found a portal to a secret trove of treasure.
 39537 | D:15     | Found a gate leading to a gauntlet.
 39542 | Gauntlet | Entered a Gauntlet
 39542 | Gauntlet | Found a transporter.
 39607 | Gauntlet | Found a transporter.
 39622 | Gauntlet | Found a transporter.
 39634 | Gauntlet | Found a transporter.
 39651 | Gauntlet | Found a transporter.
 39659 | Gauntlet | Found a transporter.
 39695 | Gauntlet | Found a transporter.
 39695 | Gauntlet | Found a transporter.
 39720 | Gauntlet | Found a transporter.
 39720 | Gauntlet | Found a transporter.
 39733 | Gauntlet | Found a transporter.
 39733 | Gauntlet | Found a transporter.
 40032 | Gauntlet | Found a transporter.
 40034 | Gauntlet | Found a transporter.
 40527 | Gauntlet | Got the Handbook of Companions
 40563 | Gauntlet | Identified the ring of Xeupt {rC+ MP+9}
 40648 | Gauntlet | Identified the +5 battleaxe of Deadovel {antimagic, rElec
                  | Will+ Stlth+}
 40648 | Gauntlet | Identified the ring "Rubao" {Ice rN++ rCorr Int-2 Stlth+}
 41117 | D:15     | Found a staircase to the Depths.
 41127 | D:15     | Reached skill level 21 in Short Blades
 41990 | Elf:1    | Entered Level 1 of the Elven Halls
 42485 | Elf:1    | Reached XP level 19. HP: 115/115 MP: 27/27
 42777 | Elf:1    | Reached skill level 10 in Armour
 43176 | Elf:1    | Identified the +8 great sword "Nocojo" {vorpal, rCorr
                  | Str+2}
 43449 | Elf:2    | Noticed a Brimstone Fiend
 43862 | Elf:2    | Reached skill level 10 in Stealth
 43993 | Elf:2    | Found a runed translucent gate.
 43994 | Elf:2    | Found a runed translucent gate.
 43994 | Elf:2    | Found a runed translucent gate.
 44137 | Elf:2    | Noticed a Tzitzimitl
 44282 | Elf:2    | Found Tibreuch's General Store.
 44342 | Elf:2    | Bought a scroll of poison for 49 gold pieces
 44530 | Vaults:1 | Entered Level 1 of the Vaults
 44956 | Depths:1 | Entered Level 1 of the Depths
 45379 | Depths:1 | Noticed a tentacled monstrosity
 45383 | Depths:1 | Killed a tentacled monstrosity
 45588 | Depths:1 | Reached XP level 20. HP: 40/122 MP: 28/28
 45598 | Depths:1 | Identified the +8 chain mail "Waxobrof" {Str+5}
 45873 | Depths:1 | Reached skill level 22 in Short Blades
 46088 | Depths:1 | Found a one-way gate leading to the halls of Pandemonium.
 46322 | Depths:1 | Found a gateway to Hell.
 47373 | Depths:2 | Identified the +6 chain mail "Hajoic" {+Inv rElec rC-
                  | rN+++}
 47887 | Depths:2 | Acquired the +2 cloak of Purpose {Will+ Regen+ Dex-4}
 47888 | Depths:2 | Acquired a manual of Dodging
 48232 | Depths:2 | HP: 4/122 [deep troll (16)]
 48232 | Depths:2 | Mangled by a deep troll

Illustrated notes

Levels and vault maps discovered:
D:1:      nicolae_arrival_memento_mori, layout_basic,
          hellmonk_ecumenical_altar_leap_of_faith,
          hangedman_abyss_or_decor_stabs
D:2:      layout_basic, chequers_serial_rivers_room_b,
          chequers_serial_rivers_small_a, minmay_tromino_v4_c, uniq_terence
D:3:      layout_rooms, trog_butcher_becter, nicolae_figureground_pulse,
          uniq_crazy_yiuf_cottage, uniq_grinder
D:4:      layout_gridville, nicolae_hepliaklqana_monster_ancestors,
          serial_shops, nicolae_shop_temple_entry_statues_fountains
D:5:      layout_gridville, grunt_temple_overflow_order_and_chaos_2,
          nicolae_overflow_hallway_of_the_gods, minmay_checkerbox
D:6:      layout_rooms
D:7:      layout_basic, minmay_temple_entry_proselytizer, gammafunk_ghost_hive,
          serial_shops, nicolae_diamond_shop, minmay_diced_spiral
D:8:      layout_cave_pods, enter_bailey_2, kennysheep_generic_room_12
D:9:      layout_rooms, grunt_ministairs_10, minmay_fractal_squares_5
D:10:     layout_long_grid, minmay_lair_entry_grove, uniq_erolcha, uniq_snorg
D:11:     layout_long_grid, minmay_statues_item
D:12:     layout_rooms, orc_0_dummy, ploomutoo_gammafunk_ghost_potion_laboratory
D:13:     layout_roguey, lightli_vaults_fourway_checkpoint,
          minmay_shop_grid_forest
D:14:     minmay_chopped_fan, layout_rooms, gammafunk_ghost_hydra_chop,
          nicolae_dithmenos_shadow_blocks, vehumet_crystals
D:15:     grunt_enter_depths_snipers, layout_irregular_city, solitary_fountain,
          gauntlet_entry_generic, nicolae_trove_entry_isolated,
          chequers_serial_rivers_room_a
Temple:   compressed_dpeg_triangle_lava_temple
Lair:1:   layout_misc_corridors
Lair:2:   layout_cave_pods, beast_lair_carwin_1, grunt_megastairs_3
Lair:3:   layout_gridlike, elwin_shoals_entry_rocks, serial_bayou_shore_a,
          infiniplex_staircase_pool, grunt_megastairs_4
Lair:4:   layout_cave_shapes, guppyfry_snake_entry_island,
          chequers_serial_rivers_micro_d, evilmike_ambush
          [evilmike_ambush_outer_corners, evilmike_ambush_inner_basic],
          serial_bayou_shore_b
Lair:5:   layout_regular_city, nicolae_lair_lil_pond
Lair:6:   wormcave, layout_cave_pods, guppyfry_lair_end_dragon,
          dpeg_slime_entry_enclosed, basic_altar, serial_bayou_lagoon_b,
          uniq_josephine
Snake:1:  layout_onion_interference
Snake:2:  layout_onion
Snake:3:  layout_onion_interference, drop_trap
Snake:4:  minmay_snake_end_coiled, layout_basic, ebering_ghost_xom, drop_trap
Orc:1:    layout_caves, serial_shops, nicolae_shop_behind_doors,
          portal_ice_cave_entry_imps
Orc:2:    grunt_orc_gardens, layout_diamond_mine, grunt_orc_garden,
          grunt_orc_garden, grunt_orc_garden, grunt_orc_garden, uniq_saint_roka
Elf:1:    elf_arrival_002, layout_loops_corners, hangedman_elf_disciples
Elf:2:    nicolae_elf_blades_crystal_corner, layout_gridlike, serial_shops,
          nicolae_shop_waterfront
Vaults:1: gammafunk_ghost_tricky_traps, vaults_mumra_lcd, ontoclasm_vaults_eye,
          v_misc_8, hangedman_vaults_trim, hangedman_vaults_locks,
          nicolae_vaults_what_the_h, ontoclasm_vaults_ring_large,
          ontoclasm_vaults_ring_large, nicolae_vaults_little_ls,
          ontoclasm_vaults_fault, vaults_room_stairs_pillars, serial_ice_h,
          nicolae_vaults_ring_of_whatevers, ontoclasm_vaults_chip,
          layout_vaults_maze_snakey
Depths:1: layout_twisted_cross, pf_hell_entry_tar_river, grunt_pan_entry_zigzag,
          grunt_ministairs_3, kennysheep_flooded_box, nicolae_rejected_hall
Depths:2: grunt_twist_and_shout, layout_long_grid, minmay_stone_trees_small,
          grunt_hell_entry_dis_old, grunt_pan_entry_sceptre

Skill      XL: |  1  2  3  4  5  6  7  8  9 10 11 12 13 14 15 16 17 18 19 20 |
---------------+-------------------------------------------------------------+-----
Short Blades   | 3 4 6 7 9 11 13 14 15 16 17 18 19 20 21 22 | 22.2
Fighting       | 4 5 6 8 9 10 11 13 14 15 16 17 18 | 18.3
Dodging        | 1 2 4 5 6 7 9 10 11 12 13 | 13.7
Armour         | 3 4 5 6 7 8 9 10 11 | 11.0
Stealth        | 1 2 4 5 6 7 12 13 | 13.4
Shields        | 3 4 5 6 7 8 10 11 12 13 | 13.0
Invocations    | 2 6 8 10 11 | 11.9
Evocations     | |  0.1

Action                   |  1- 3 |  4- 6 |  7- 9 | 10-12 | 13-15 | 16-18 | 19-21 || total
-------------------------+-------+-------+-------+-------+-------+-------+-------++-------
Melee: Rapier            |    96 |    61 |   388 |   742 |   937 |   990 |   543 ||  3757
       Short sword       |       |       |       |       |    83 |       |       ||    83
Invok: Grand Finale      |       |       |       |       |     4 |     5 |     3 ||    12
       Line Pass         |       |       |       |       |     4 |     1 |     5 ||    10
Evoke: Wand              |       |       |       |     4 |     7 |     3 |       ||    14
  Use: Potion            |     1 |     5 |     1 |    10 |     4 |     6 |     7 ||    34
       Scroll            |       |       |     8 |    21 |    14 |     8 |     5 ||    56
 Stab: Sleeping          |     1 |     2 |    12 |    22 |    74 |    60 |    50 ||   221
       Invisible         |       |     4 |       |     4 |       |       |       ||     8
       Distracted        |       |       |       |     8 |    11 |     6 |     3 ||    28
       Paralysed         |       |       |       |     3 |    71 |    92 |    43 ||   209
       Confused          |       |       |       |       |     5 |       |     4 ||     9
       Petrified         |       |       |       |       |       |     1 |       ||     1
Armor: Scale mail        |    26 |    16 |     6 |       |       |       |       ||    48
       Chain mail        |       |       |   161 |   159 |    34 |   117 |    63 ||   534
       Leather armour    |       |       |       |       |    85 |    28 |    30 ||   143
Dodge: Dodged            |    47 |    23 |   131 |   251 |   510 |   359 |   172 ||  1493
       Repelled          |     1 |       |     1 |       |       |       |       ||     2
Block: Buckler           |    15 |    16 |   114 |   365 |   290 |    84 |       ||   884
       Reflection        |       |       |       |    11 |       |       |       ||    11
       Kite shield       |       |       |       |       |       |   395 |   311 ||   706

Table legend: (Time is in decaauts)
 A = Elapsed time spent in this place.
 B = Non-inter-level travel time spent in this place.
 C = Inter-level travel time spent in this place.
 D = Time resting spent in this place.
 E = Time spent auto-exploring this place.
 F = Levels seen in this place.
 G = Mean time per level.
                   A        B        C        D        E       F      G
               +--------+--------+--------+--------+--------+-----+--------+
         Total |  47033 |  42808 |   4225 |   9132 |  25818 |  36 | 1306.5 |
       Dungeon |  19813 |  17528 |   2285 |   3025 |  11585 |  15 | 1320.9 |
        Temple |     37 |     24 |     13 |      0 |     18 |   1 |   37.0 |
          Lair |   8072 |   6914 |   1158 |    466 |   5458 |   6 | 1345.3 |
     Snake Pit |   6014 |   5725 |    289 |   2047 |   2692 |   4 | 1503.5 |
  Orcish Mines |   3173 |   2846 |    327 |    663 |   1581 |   2 | 1586.5 |
   Elven Halls |   2386 |   2307 |     79 |      0 |   1979 |   2 | 1193.0 |
        Vaults |     12 |     12 |      0 |      0 |      1 |   1 |   12.0 |
        Depths |   2876 |   2806 |     70 |    529 |   1744 |   2 | 1438.0 |
        Bailey |   2439 |   2439 |      0 |   1650 |    101 |   1 | 2439.0 |
      Ice Cave |    951 |    951 |      0 |    310 |    311 |   1 |  951.0 |
      Gauntlet |   1256 |   1256 |      0 |    441 |    346 |   1 | 1256.0 |
               +--------+--------+--------+--------+--------+-----+--------+

Top non-repeatable levels by time:
 Snake:4: 2945 daAuts
  Bailey: 2439 daAuts
  Lair:6: 2287 daAuts
   Orc:2: 2195 daAuts
     D:8: 1988 daAuts
    D:13: 1857 daAuts
    D:10: 1701 daAuts
Depths:1: 1642 daAuts
    D:12: 1461 daAuts
    D:15: 1454 daAuts
     D:7: 1355 daAuts
   Elf:1: 1304 daAuts
  Lair:4: 1292 daAuts
Gauntlet: 1256 daAuts
Depths:2: 1233 daAuts
